 Dungeon Crawl Stone Soup version 0.31.0-32-g396128a36d (webtiles) character file.

Game seed: 18313957600824442662

126 Econoterrorist the Covert (level 4, -5/21 HPs)
             Began as a Spriggan Enchanter on Apr 11, 2024.
             Slain by a kobold brigand
             ... wielding a +0 club
              (8 damage)
             ... in a sewer.
             The game lasted 00:09:13 (2611 turns).

Econoterrorist the Covert (Spriggan Enchanter)      Turns: 2611, Time: 00:09:13

Health: -5/21      AC:  2    Str:  4    XL:     4   Next: 83%
Magic:  9/9        EV: 17    Int: 18    God:
Gold:   96         SH:  0    Dex: 15    Spells: 3/8 levels left

rFire   . . .        g - +1 dagger (holy)
rCold   . . .        (no shield)
rNeg    . . .        b - +0 robe
rPois   .            (helmet restricted)
rElec   .            (no cloak)
rCorr   .            (gloves unavailable)
SInv    +            (boots unavailable)
Will    .....        (no amulet)
Stlth   ++++         (no ring)
HPRegen 0.23/turn    (no ring)
MPRegen 0.11/turn

%: no passive effects
@: lethally poisoned (-5 -> -6), attractive, slowed, quick
A: very small, no large weapons, unfitting armour, see invisible, speed 3
a: no special abilities


You were in a sewer.
You visited 1 branch of the dungeon, and saw 3 of its levels.
You also visited: Sewer.

You collected 96 gold pieces.

Inventory:

Hand Weapons
 g - a +1 dagger of holy wrath (weapon)
Armour
 b - a +0 robe (worn)
Scrolls
 a - 2 scrolls of identify {unknown}
 d - a scroll of enchant weapon {unknown}
 e - a scroll of vulnerability {unknown}
 i - a scroll of fog {unknown}
 j - a scroll of amnesia {unknown}
 k - a scroll of blinking {unknown}
 l - a scroll of noise {unknown}
 m - a scroll of fear {unknown}
 n - a scroll of enchant armour {unknown}
Potions
 f - a potion of attraction
 h - a potion of magic {unknown}
 o - a potion of berserk rage {unknown}


   Skills:
 - Level 1.1 Short Blades
 - Level 2.6 Dodging
 - Level 8.7 Stealth
 - Level 2.6 Spellcasting
 + Level 3.6 Hexes
 + Level 0.0 Ice Magic


You had 3 spell levels left.
You knew the following spells:

 Your Spells              Type           Power      Damage    Failure   Level
a - Ensorcelled Hibernat  Hex/Ice        16%        N/A       12%         2
b - Confusing Touch       Hex            15%        N/A       12%         3

Your spell library contained the following spells:

 Spells                   Type           Power      Damage    Failure   Level
 Tukima's Dance           Hex            15%        N/A       12%         3
 Sandblast                Erth           4%         2d4       17%         1
 Dazzling Flash           Conj/Hex       16%        N/A       24%         3
 Passwall                 Erth           2%         N/A       45%         3
 Stone Arrow              Conj/Erth      4%         3d7       45%         3
 Brom's Barrelling Bould  Conj/Erth      2%         2d3       86%         4


Dungeon Overview and Level Annotations

Branches:
Dungeon (3/15)              Sewer (1/1)

Altars:


Innate Abilities, Weirdness & Mutations

You are very small and have problems with some larger weapons.
You are too small for most types of armour.
You have supernaturally acute eyesight. (SInv)
You cover ground extremely quickly. (Speed+++)


Message History

Confirm with . or Enter, or press ? or * to list all spells.
Aiming: Ensorcelled Hibernation (safe; 12% risk of failure)
Press: ? - help, Shift-Dir - straight line, f - kobold
Aim: a kobold, wielding a +0 club and quivering stones (moderately wounded, chance to affect: 59%)
The kobold looks drowsy...
The helpless kobold fails to defend itself.
You stick the kobold like a pincushion!!!
You kill the kobold!
Things that are here:
a +0 club; a stone; a kobold corpse You start resting.
HP restored.
You start resting.
Magic restored.
You see here a +0 dagger.
There is an open door here.
A kobold brigand comes into view.
It is wielding a +0 short sword and quivering curare-tipped darts.
The kobold brigand shouts!
The kobold shouts!
You hear a shout! x3
The kobold brigand throws a curare-tipped dart.
The curare-tipped dart hits you.
You are poisoned.
You have difficulty breathing.
You feel yourself slow down.
You hear a shout! x2
You feel very sick.
You feel sick.
You feel sick.
You feel sick.
A kobold brigand comes into view.
It is wielding a +0 club and quivering curare-tipped darts.
You feel sick.
There is an open door here.
You feel sick.
You see here a +0 dagger.
It was a potion of attraction.
You feel attractive to monsters.
You feel sick.
You close the door.
* * * LOW HITPOINT WARNING * * *
You feel sick.
The kobold brigand hits you with a +0 club!
You die...

...#...#≈≈.............#.
.'...≈≈≈≈..............
#...#~≈.............#.
##K####.#≈###~~#~####.
#≈K.#...~.≈≈≈~≈≈≈~≈≈#.
#≈..#..~≈≈≈≈≈≈≈≈≈≈≈≈#.
#≈~.#.~≈≈≈≈≈≈≈≈≈≈≈≈≈#.
#≈~.#K.≈≈≈≈≈≈≈≈≈≈≈≈≈#.
#≈~.#@)~≈≈≈≈≈≈≈≈≈≈≈≈#.
#~~.+.~~≈≈≈≈≈≈≈≈≈≈≈≈#.
##.##################.
#≈~~~~~~~~≈≈≈≈≈≈≈≈~~#.
#≈.~~~~~≈≈≈≈≈≈≈≈≈≈.~~.
#≈~~≈~≈≈≈≈≈≈≈≈≈≈≈≈~~#.
######################


You could see a kobold brigand.

Vanquished Creatures
  3 adders (D:2)
  A shadow imp (Sewer)
  4 ufetubi (Sewer)
  2 dart slugs
  4 bats
  A bat zombie (Sewer)
  2 endoplasms
  5 giant cockroaches
  5 hobgoblins
  3 jackals (D:1)
  3 quokkas
  6 ball pythons
  3 frilled lizards
  4 goblins
  14 kobolds
  6 rats
66 creatures vanquished.

Vanquished Creatures (others)
  An endoplasm (Sewer)
1 creature vanquished.

Grand Total: 67 creatures vanquished

Notes
Turn   | Place    | Note
-------+----------+-------------------------------------------
     0 | D:1      | Econoterrorist the Spriggan Enchanter began the quest for
                  | the Orb.
     0 | D:1      | Reached XP level 1. HP: 9/9 MP: 5/5
    19 | D:1      | Found a faded altar of an unknown god.
   102 | D:1      | Reached skill level 5 in Stealth
   115 | D:1      | Reached XP level 2. HP: 8/13 MP: 6/6
   129 | D:1      | Learned a level 2 spell: Ensorcelled Hibernation
   540 | D:1      | Reached skill level 6 in Stealth
   745 | D:1      | Reached XP level 3. HP: 16/16 MP: 8/8
  1151 | D:2      | Reached skill level 7 in Stealth
  1729 | D:2      | Reached XP level 4. HP: 21/21 MP: 6/9
  2028 | D:3      | Found a glowing drain.
  2036 | Sewer    | Entered a sewer
  2039 | Sewer    | Reached skill level 8 in Stealth
  2431 | Sewer    | Learned a level 3 spell: Confusing Touch
  2601 | Sewer    | Noticed a kobold brigand
  2608 | Sewer    | Noticed a kobold brigand
  2611 | Sewer    | Slain by a kobold brigand

Illustrated notes

Levels and vault maps discovered:
D:1:      dpeg_arrival_solitude, layout_basic, basic_ecumenical_altar,
          st_stairs_4, minmay_fountain_box
D:2:      layout_basic, st_stairs_1, corexii_hall_statues_u,
          roderic_serpentine_path
D:3:      layout_loops_ring, mainiacjoe_sewer_entry_somewhere_in_here_2,
          st_stairs_12, minmay_misc_feat_rows, serial_bayou_pond_c,
          chequers_serial_rivers_small_3, grunt_ministairs_7, minmay_rat_hole,
          uniq_natasha
Sewer:    kennysheep_sewer_church

Skill      XL: |  1  2  3  4 |
---------------+-------------+-----
Stealth        | 5 6 7 8 |  8.7
Short Blades   | |  1.1
Dodging        | |  2.6
Spellcasting   | |  2.6
Hexes          | |  3.6

Action                     |  1- 3 |  4- 6 || total
---------------------------+-------+-------++-------
  Melee: Dagger            |   125 |    89 ||   214
         Punch             |       |     2 ||     2
   Cast: Ensorcelled Hiber |    18 |     8 ||    26
         Confusing Touch   |       |     3 ||     3
    Use: Potion            |       |     3 ||     3
   Stab: Sleeping          |    18 |     9 ||    27
         Confused          |       |     2 ||     2
         Distracted        |       |     1 ||     1
         Invisible         |       |     1 ||     1
 Armour: Robe              |    40 |    29 ||    69
  Dodge: Dodged            |   122 |   102 ||   224
